 Dungeon Crawl Stone Soup version 0.23.2-33-g5129a83184 (webtiles) character file.

Game seed: 16401591505270723906

3889 Folque the Destroyer (level 10, -11/50 HPs)
             Began as a Deep Elf Air Elementalist on June 27, 2019.
             Was a Follower of Vehumet.
             Shot with an arrow by a centaur (14 damage)
             ... on level 8 of the Dungeon.
             The game lasted 00:32:23 (7806 turns).

Folque the Destroyer (Deep Elf Air Elementalist)    Turns: 7806, Time: 00:32:23

Health: -11/50     AC:  3    Str:  5    XL:     10   Next: 0%
Magic:  1/22       EV: 14    Int: 24    God:    Vehumet [*.....]
Gold:   237        SH:  0    Dex: 15    Spells: 8/23 levels left

rFire    . . .     SeeInvis .   m - +3 short sword
rCold    . . .     Gourm    .   (no shield)
rNeg     . . .     Faith    .   (no armour)
rPois    .         Spirit   .   (no helmet)
rElec    .         Reflect  .   (no cloak)
rCorr    .         Harm     .   j - +2 pair of gloves
MR       +....                  (no boots)
Stlth    ++........             (no amulet)
HPRegen  0.16/turn              (no ring)
MPRegen  0.18/turn              (no ring)

@: swift, very quick
A: no striking features
a: Renounce Religion


You were on level 8 of the Dungeon.
You worshipped Vehumet.
Vehumet was aware of your devotion.
You were not hungry.

You visited 2 branches of the dungeon, and saw 9 of its levels.
You also visited: Ossuary.

You collected 292 gold pieces.
You spent 55 gold pieces at shops.

Inventory:

Hand Weapons
 e - a +0 short sword
 m - a +3 short sword (weapon)
Missiles
 q - 48 poisoned needles
 v - 4 silver tomahawks (quivered)
Armour
 a - a +0 robe
 j - a +2 pair of gloves (worn)
 n - a cursed +0 leather armour
 t - a +0 troll leather armour {Purgy}
 x - a +0 leather armour of positive energy
 F - a +2 robe of the Archmagi
Jewellery
 I - an uncursed ring of positive energy {unknown}
Scrolls
 d - 3 scrolls of teleportation
 f - 9 scrolls of identify
 i - 2 scrolls of fear
 p - 3 scrolls of remove curse {unknown}
 s - 4 scrolls of amnesia {unknown}
 u - a scroll of summoning {unknown}
 y - 2 scrolls of silence {unknown}
 A - a scroll of enchant weapon {unknown}
 B - a scroll of immolation {unknown}
 C - 2 scrolls of random uselessness {unknown}
 K - a scroll of vulnerability {unknown}
Potions
 b - 2 potions of magic
 g - 3 potions of agility
 h - 2 potions of degeneration
 k - 2 potions of invisibility {unknown}
 l - 4 potions of flight {unknown}
 o - 3 potions of heal wounds
 r - a potion of resistance {unknown}
 w - 3 potions of lignification {unknown}
 z - 2 potions of curing
 D - a potion of brilliance {unknown}
 E - 2 potions of cancellation {unknown}
 G - a potion of ambrosia {unknown}
 H - 3 potions of mutation {unknown}
 J - 2 potions of haste {unknown}
Comestibles
 c - 13 rations


   Skills:
 - Level 5.0 Armour
 - Level 4.4 Dodging
 - Level 2.4 Stealth
 - Level 7.0 Spellcasting
 + Level 9.2 Conjurations
 - Level 1.0 Charms
 * Level 8.6 Air Magic


You had 8 spell levels left.
You knew the following spells:

 Your Spells              Type           Power        Failure   Level  Hunger
a - Shock                 Conj/Air       ####         1%          1    None
b - Swiftness             Chrm/Air       ####....     1%          2    None
c - Static Discharge      Conj/Air       ######..     1%          3    None
d - Lightning Bolt        Conj/Air       ######....   4%          5    #####..
e - Airstrike             Air            #####.....   1%          4    ###....

Your spell library contained the following spells:

 Spells                   Type           Power        Failure   Level  Hunger
 Magic Dart               Conj           ####         1%          1    None
 Confusing Touch          Hex            #.....       7%          1    None
 Confuse                  Hex            #.......     22%         3    None
 Gell's Gravitas          Tloc           #.........   22%         3    None
 Petrify                  Tmut/Erth      #.......     56%         4    ###....
 Metabolic Englaciation   Hex/Ice        #.........   89%         5    #####..
 Yara's Violent Unravell  Hex/Tmut       #.........   89%         5    #####..


Dungeon Overview and Level Annotations

Branches:
Dungeon (8/15)             Temple (1/1) D:6
   Lair: D:8-11

Altars:
Ashenzari
Cheibriados
Dithmenos
Elyvilon
Fedhas
Gozag
Kikubaaqudgha
Makhleb
Nemelex Xobeh
Qazlal
Ru
Trog
Vehumet
Wu Jian
Xom
Yredelemnul
Zin
The Shining One

Shops:
D:4 *


Message History

Confirm with . or Enter, or press ? or * to list all spells.
You don't have enough magic to cast that spell.
Unknown command.
The centaur shoots an arrow.
The arrow hits you.
You see here an arrow.
The centaur shoots an arrow.
The arrow hits you!
The centaur shoots an arrow.
The arrow hits you!
The centaur shoots an arrow.
The arrow hits you.
Casting: Lightning Bolt (safe; 4% risk of failure)
Confirm with . or Enter, or press ? or * to list all spells.
You feel quick.
The centaur shoots an arrow.
The arrow hits you.
* * * LOW HITPOINT WARNING * * *
The centaur shoots an arrow.
The arrow closely misses you.
You see here an arrow.
The centaur shoots an arrow.
The arrow hits you!
* * * LOW HITPOINT WARNING * * *
You see here an arrow.
The centaur shoots an arrow.
The arrow misses you.
The centaur shoots an arrow.
The arrow hits you!
You die...

#... ..## ###...
...###(>#####...
#?.##..........
#...........?.
#.............
#.##..........
#######(##((.......#
#....((...รท(.......
#.(@.....c##......#
#<...........#.##.#
#.........####.# #
#.........# #.# .#
#.........####.###.#
#..................#
##########.....(...#
#..........
#..........


You could see a centaur.

Vanquished Creatures
  Psyche (D:8)
  Prince Ribbit (D:5)
  A hippogriff (D:7)
  A shadow (D:6)
  A vampire (D:6)
  Eustachio (D:5)
  An ice beast (D:7)
  Purgy (D:3)
  A hornet zombie (D:6)
  2 sky beasts
  3 ogres
  2 centaurs
  A big kobold (D:5)
  2 bullfrogs
  A water moccasin skeleton (D:8)
  A scorpion (D:7)
  3 killer bees (D:6)
  5 crimson imps
  A centaur zombie (D:5)
  A jelly (D:7)
  2 hounds
  5 orc priests
  A bullfrog skeleton (D:8)
  11 orc wizards
  2 iguanas
  Jessica (D:3)
  5 worker ants
  A killer bee zombie (D:5)
  A hound skeleton (D:7)
  12 mummies (Ossuary)
  Robin (D:3)
  16 adders
  2 shadow imps
  An adder zombie (D:5)
  An adder skeleton (D:5)
  2 worms
  3 dart slugs
  3 leopard geckos
  23 orcs
  9 bats
  7 giant cockroaches
  11 goblins
  5 hobgoblins
  12 jackals
  4 quokkas
  A ball python (D:7)
  5 frilled lizards
  2 gnoll skeletons (Ossuary)
  2 goblin skeletons (Ossuary)
  11 kobolds
  3 kobold skeletons (Ossuary)
  An orc skeleton (Ossuary)
  4 rats
  11 rat skeletons (Ossuary)
212 creatures vanquished.

Notes
Turn   | Place    | Note
-------+----------+-------------------------------------------
     0 | D:1      | Folque the Deep Elf Air Elementalist began the quest for
                  | the Orb.
     0 | D:1      | Reached XP level 1. HP: 10/10 MP: 6/6
   309 | D:1      | Reached XP level 2. HP: 15/15 MP: 5/8
   316 | D:1      | Learned a level 2 spell: Swiftness
   521 | D:1      | Reached skill level 2 in Conjurations
  1001 | D:2      | Found a bloodstained altar of Trog.
  1050 | D:2      | Found a sacrificial altar of Ru.
  1171 | D:2      | Reached XP level 3. HP: 19/19 MP: 10/10
  1179 | D:2      | Learned a level 3 spell: Static Discharge
  1589 | D:3      | Reached skill level 3 in Conjurations
  1596 | D:3      | Reached XP level 4. HP: 16/24 MP: 3/11
  1646 | D:3      | Noticed Jessica
  1679 | D:3      | Killed Jessica
  1945 | D:3      | Noticed Purgy
  1953 | D:3      | Killed Purgy
  1953 | D:3      | Reached skill level 4 in Conjurations
  1953 | D:3      | Reached XP level 5. HP: 14/28 MP: 0/14
  1960 | D:3      | Learned a level 5 spell: Lightning Bolt
  2096 | D:3      | Noticed Robin
  2109 | D:3      | Killed Robin
  2109 | D:3      | Reached skill level 5 in Spellcasting
  2165 | D:3      | Reached XP level 6. HP: 27/32 MP: 10/15
  2595 | D:3      | Reached skill level 1 in Armour
  2955 | D:3      | Learned a level 4 spell: Airstrike
  2962 | D:4      | Reached XP level 7. HP: 26/36 MP: 8/19
  3115 | D:4      | Found Mezit's General Store.
  3123 | D:4      | Bought a potion of heal wounds for 55 gold pieces
  3172 | D:4      | Found a white marble altar of Elyvilon.
  3589 | D:4      | Reached skill level 1 in Charms
  3766 | D:5      | Entered Level 5 of the Dungeon
  3774 | D:5      | Noticed Eustachio
  3783 | D:5      | Found a sand-covered staircase.
  3797 | D:5      | Killed Eustachio
  3869 | Ossuary  | Entered an ossuary
  3941 | Ossuary  | Reached XP level 8. HP: 37/41 MP: 12/20
  4236 | Ossuary  | Reached skill level 5 in Conjurations
  4349 | D:5      | Noticed Prince Ribbit
  4724 | D:5      | Killed Prince Ribbit
  4724 | D:5      | Reached skill level 6 in Conjurations
  4905 | D:5      | Found an ancient bone altar of Kikubaaqudgha.
  4948 | D:5      | Found an ornate altar of the Wu Jian Council.
  5232 | D:6      | Reached skill level 5 in Armour
  5232 | D:6      | Reached skill level 7 in Conjurations
  5371 | D:6      | Found a staircase to the Ecumenical Temple.
  5382 | Temple   | Entered the Ecumenical Temple
  5597 | Temple   | Became a worshipper of Vehumet
  5995 | D:6      | Reached skill level 5 in Air Magic
  5995 | D:6      | Reached XP level 9. HP: 35/45 MP: 9/21
  6487 | D:6      | Reached skill level 8 in Conjurations
  6808 | D:7      | Reached * piety under Vehumet
  6808 | D:7      | Offered knowledge of Magic Dart by Vehumet.
  7145 | D:7      | Found a stormy altar of Qazlal.
  7509 | D:8      | Reached skill level 9 in Conjurations
  7521 | D:8      | Noticed a two-headed ogre
  7728 | D:8      | Noticed Psyche
  7734 | D:8      | Killed Psyche
  7788 | D:8      | Reached XP level 10. HP: 50/50 MP: 5/22
  7806 | D:8      | Shot with an arrow by a centaur

Skill      XL: |  1  2  3  4  5  6  7  8  9 |
---------------+----------------------------+-----
Conjurations   | 2 3 4 7 9 |  9.2
Spellcasting   | 4 5 6 7 |  7.0
Air Magic      | 4 5 8 |  8.6
Armour         | 2 4 5 |  5.0
Dodging        | 4 |  4.4
Charms         | 1 |  1.0
Stealth        | |  2.4

Action                   |  1- 3 |  4- 6 |  7- 9 | 10-12 || total
-------------------------+-------+-------+-------+-------++-------
Melee: Short sword       |    50 |    25 |   109 |       ||   184
       Unarmed           |     7 |       |       |       ||     7
Throw: Tomahawk          |       |       |     2 |       ||     2
 Cast: Shock             |    36 |    43 |   200 |       ||   279
       Static Discharge  |       |    11 |    33 |       ||    44
       Airstrike         |       |       |    18 |       ||    18
       Lightning Bolt    |       |       |    10 |     1 ||    11
       Swiftness         |       |       |     2 |     1 ||     3
  Use: Scroll            |     1 |     4 |     1 |       ||     6
       Potion            |       |       |     1 |       ||     1
 Stab: Sleeping          |    10 |     3 |     6 |       ||    19
       Distracted        |     1 |       |       |       ||     1
  Eat: Chunk             |     2 |     5 |    16 |       ||    23
       Ration            |       |       |     1 |       ||     1
Armor: Robe              |    25 |    13 |       |       ||    38
       Troll leather arm |       |       |    65 |       ||    65
Dodge: Dodged            |    51 |    47 |   141 |     2 ||   241
